 Dungeon Crawl Stone Soup version 0.21.1-1-g345015f (webtiles) character file.

633 inc the Magician (level 7, -10/41 HPs)
             Began as an Octopode Enchanter on Apr 23, 2018.
             Mangled by Prince Ribbit (13 damage)
             ... on level 5 of the Dungeon.
             The game lasted 00:07:55 (4239 turns).

inc the Magician (Octopode Enchanter)               Turns: 4239, Time: 00:07:56

Health: -10/41     AC:  1    Str: 12    XL:     7   Next: 49%
Magic:  1/15       EV: 13    Int: 20    God:
Gold:   179        SH:  0    Dex: 12    Spells: 10/16 levels left

rFire    . . .     SeeInvis +   t - +2 dagger (venom)
rCold    . . .     Gourm    .   (no shield)
rNeg     . . .     Faith    .   (helmet restricted)
rPois    .         Spirit   .   (no amulet)
rElec    .         Reflect  .   l - ring of wizardry
rCorr    .         Harm     .   n - ring of see invisible
MR       .....                  (no ring)
Stlth    +++.......             (no ring)
HPRegen  0.13/turn              (no ring)
MPRegen  0.14/turn              (no ring)
                                (no ring)
                                (no ring)

@: mighty
A: almost no armour, stealthy swim, amphibious, 8 rings, constrict 8, camouflage
1, gelatinous body 1
a: no special abilities


You were on level 5 of the Dungeon.
You were hungry.

You visited 1 branch of the dungeon, and saw 5 of its levels.
You also visited: Sewer.

You collected 179 gold pieces.

Inventory:

Hand Weapons
 a - a +1 dagger
 h - a -2 dagger
 t - a +2 dagger of venom (weapon)
Jewellery
 l - a ring of wizardry (left tentacle)
 n - a ring of see invisible (right tentacle)
Scrolls
 e - 3 scrolls of teleportation
 g - 4 scrolls of fear
 i - a scroll of random uselessness
 k - 3 scrolls of identify
 m - 3 scrolls of noise
 r - a scroll of magic mapping
 s - a scroll of remove curse
Potions
 f - 2 potions of curing
 u - a potion of resistance
Books
 b - a book of Maledictions

   Spells                             Type                      Level
   a - Corona                         Hexes                        1
   b - Ensorcelled Hibernation        Hexes/Ice                    2
   c - Confuse                        Hexes                        3
   d - Tukima's Dance                 Hexes                        3
   e - Dazzling Spray                 Conjuration/Hexes            3
 o - a book of Changes

   Spells                             Type                      Level
   a - Beastly Appendage              Transmutation                1
   b - Sticks to Snakes               Transmutation                2
   c - Spider Form                    Transmutation/Poison         3
   d - Ice Form                       Ice/Transmutation            4
   e - Blade Hands                    Transmutation                5
Comestibles
 c - 7 rations


   Skills:
 - Level 2.1 Short Blades
 - Level 2.0 Dodging
 - Level 4.0 Stealth
 - Level 5.3 Spellcasting
 + Level 5.0 Hexes
 - Level 3.1 Ice Magic


You had 10 spell levels left.
You knew the following spells:

 Your Spells              Type           Power        Failure   Level  Hunger
a - Corona                Hex            ####...      1%          1    None
b - Ensorcelled Hibernat  Hex/Ice        ###...       1%          2    None
c - Confuse               Hex            ####....     1%          3    ##.....


Dungeon Overview and Level Annotations

Branches:
Dungeon (5/15)
 Temple: D:4-7

Altars:
Elyvilon
Hepliaklqana
Makhleb
Nemelex Xobeh
Okawaru
Qazlal
Trog
Uskayaw
Vehumet
Yredelemnul
Zin
The Shining One

Shops:
D:4 *

Annotations:
D:5 Prince Ribbit


Innate Abilities, Weirdness & Mutations

You cannot wear most types of armour.
You are very stealthy in the water. (Stealth+)
You are amphibious.
You can wear up to eight rings at the same time.
You can use your tentacles to constrict eight enemies at once.
Your skin changes colour to match your surroundings (Stealth+).
Your rubbery body absorbs attacks. (AC +1, EV +1)


Message History

Casting: Ensorcelled Hibernation
Confirm with . or Enter, or press ? or * to list all spells.
Aiming: Confuse
Press: ? - help, Shift-Dir - straight line, f/p - Prince Ribbit
Aim: Prince Ribbit (chance to defeat MR: 37%) Prince Ribbit easily resists.
Prince Ribbit closely misses you.
Casting: Confuse
Confirm with . or Enter, or press ? or * to list all spells.
Aiming: Ensorcelled Hibernation
Press: ? - help, Shift-Dir - straight line, f/p - Prince Ribbit
Aim: Prince Ribbit (chance to defeat MR: 33%) Prince Ribbit easily resists.
Prince Ribbit hits you.
You feel very mighty all of a sudden. Prince Ribbit hits you!
* * * LOW HITPOINT WARNING * * *
You puncture Prince Ribbit!
Prince Ribbit is poisoned.
Your grab misses Prince Ribbit. Your squeeze misses Prince Ribbit.
Prince Ribbit is moderately wounded.
Prince Ribbit hits you!
You die...

,***###.#**#§.##$#
,**,.....,*#§§##.#
,**,......*#§###.#
,**,...l..##.....#
,,,,,,#..........#
,****.#.......##.#
** *...........#.#
*..#........#.#
****,,######.###@#
,,,,,,,,,,>...,#F#
****,,,,*,#...Z#.#
*,,,,*,#.####.#
*,,,,*<#.* #.#
*,,,,,,#.* #.#
****,,*,*,*,***#.#
,,,*,,,,,,,,,,,..#
**,*,**,*,*,******


You could see Prince Ribbit.

Vanquished Creatures
  Purgy (Sewer)
  2 ogres (D:4)
  A scorpion (D:4)
  2 hounds
  A bullfrog skeleton (D:4)
  An orc wizard (D:4)
  An iguana (D:4)
  A worker ant (D:4)
  A hound skeleton (D:4)
  5 adders
  2 oozes
  An adder skeleton (D:4)
  2 worms
  A leopard gecko (D:4)
  4 orcs (D:4)
  A ball python (D:4)
  4 giant cockroaches
  5 hobgoblins
  7 jackals
  8 kobolds
  2 quokkas (D:4)
  9 bats
  6 frilled lizards
  10 goblins
  A quokka skeleton (D:4)
  20 rats
99 creatures vanquished.

Notes
Turn   | Place    | Note
-------+----------+-------------------------------------------
     0 | D:1      | inc the Octopode Enchanter began the quest for the Orb.
     0 | D:1      | Reached XP level 1. HP: 11/11 MP: 3/3
   216 | D:1      | Reached XP level 2. HP: 16/17 MP: 5/5
   609 | D:1      | Reached XP level 3. HP: 21/21 MP: 6/6
   876 | D:1      | Learned a level 2 spell: Ensorcelled Hibernation
   880 | D:1      | Learned a level 3 spell: Confuse
  1105 | D:2      | Found an iron altar of Okawaru.
  1105 | D:2      | Found a stormy altar of Qazlal.
  1105 | D:2      | Found a hazy altar of Hepliaklqana.
  1105 | D:2      | Found a radiant altar of Vehumet.
  1105 | D:2      | Found a glowing silver altar of Zin.
  1106 | D:2      | Found a sparkling altar of Nemelex Xobeh.
  1106 | D:2      | Found a burning altar of Makhleb.
  1107 | D:2      | Found a hide-covered altar of Uskayaw.
  1108 | D:2      | Found a basalt altar of Yredelemnul.
  1115 | D:2      | Found a bloodstained altar of Trog.
  1146 | D:2      | Found a burning altar of Makhleb.
  1155 | D:2      | Reached XP level 4. HP: 15/27 MP: 7/9
  2362 | D:3      | Found a glowing drain.
  2368 | D:3      | Reached skill level 1 in Ice Magic
  2368 | D:3      | Reached XP level 5. HP: 27/31 MP: 11/11
  2377 | Sewer    | Entered a sewer
  2451 | Sewer    | Noticed Purgy
  2455 | Sewer    | Killed Purgy
  2740 | D:4      | Reached XP level 6. HP: 36/36 MP: 12/12
  2827 | D:4      | Found a glowing golden altar of the Shining One.
  2830 | D:4      | Found Tiottako's General Store.
  3105 | D:4      | Reached skill level 5 in Spellcasting
  3498 | D:4      | Found a white marble altar of Elyvilon.
  3505 | D:4      | Reached XP level 7. HP: 10/41 MP: 12/15
  4117 | D:4      | Reached skill level 5 in Hexes
  4206 | D:5      | Entered Level 5 of the Dungeon
  4225 | D:5      | Noticed Prince Ribbit
  4239 | D:5      | Mangled by Prince Ribbit

Skill      XL: |  1  2  3  4  5  6  7 |
---------------+----------------------+-----
Short Blades   | 2 |  2.1
Spellcasting   | 3 4 5 |  5.3
Ice Magic      | 1 3 |  3.1
Hexes          | 4 5 |  5.0
Dodging        | |  2.0
Stealth        | |  4.0

Action                   |  1- 3 |  4- 6 |  7- 9 || total
-------------------------+-------+-------+-------++-------
Melee: Dagger            |    80 |   111 |    14 ||   205
       Constrict         |    17 |    25 |     1 ||    43
       Tentacles         |     9 |    18 |       ||    27
 Cast: Ensorcelled Hiber |       |    16 |    15 ||    31
       Confuse           |       |       |     2 ||     2
  Use: Scroll            |     3 |     1 |     6 ||    10
       Potion            |       |     5 |     3 ||     8
 Stab: Sleeping          |    12 |    23 |     5 ||    40
  Eat: Chunk             |     1 |     7 |     2 ||    10
Armor: Skin              |     4 |     2 |       ||     6
Dodge: Dodged            |    38 |    52 |    10 ||   100
